 Dungeon Crawl Stone Soup version 0.20-a0-9-g62d82d9 (webtiles) character file.

53 JeffiDaFish the Shield-Bearer (level 3, 0/23 HPs)
             Began as a Gargoyle Fighter on Nov 2, 2016.
             Slain by an orc
             ... wielding a +0 flail
              (3 damage)
             ... on level 3 of the Dungeon.
             The game lasted 00:04:02 (1684 turns).

JeffiDaFish the Shield-Bearer (Gargoyle Fighter)    Turns: 1684, Time: 00:04:02

Health: 0/23       AC: 10    Str: 20    XL:     3   Next: 89%
Magic:  3/3        EV:  7    Int:  8    God:
Gold:   83         SH:  0    Dex:  9    Spells: 0 memorised, 2 levels left

rFire  . . .     SeeInvis .     a - +0 rapier
rCold  . . .     Gourm    .     b - +0 scale mail
rNeg   + . .     Faith    .     c - +0 shield
rPois  ∞         Spirit   .     (no helmet)
rElec  +         Reflect  .     (no cloak)
rCorr  .         Harm     .     (no gloves)
MR     .....                    (no boots)
Stlth  ..........               (no amulet)
                                (no ring)
                                (no ring)

@: confused
A: negative energy resistance 1, electricity resistance, unbreathing,
petrification resistance, rot immunity, AC +3
a: no special abilities


You were on level 3 of the Dungeon.
You were not hungry.

You visited 1 branch of the dungeon, and saw 3 of its levels.

You collected 83 gold pieces.

Inventory:

Hand Weapons
 a - a +0 rapier (weapon)
Armour
 b - a +0 scale mail (worn)
 c - a +0 shield (worn)
 j - a +0 chain mail
Scrolls
 e - 3 scrolls of identify
 i - a scroll of teleportation
Potions
 d - a potion of might
Comestibles
 f - a bread ration
 g - a chunk of flesh
 h - a meat ration


   Skills:
 + Level 3.6 Fighting
 + Level 2.4 Short Blades
 + Level 3.8 Armour
 + Level 3.9 Shields


You had 2 spell levels left.
You didn't know any spells.

Dungeon Overview and Level Annotations

Branches:
Dungeon (3/15)

Altars:


Innate Abilities, Weirdness & Mutations

You are resistant to torment.
Your stone body is resilient. (AC +3)
You are immune to poison.
You resist negative energy. (rN+)
You are resistant to electric shocks. (rElec)
You can survive without breathing.
You are immune to petrification.
You are immune to rotting.


Message History

You block the orc wizard's attack. You block the orc's attack.
The orc hits you but does no damage.
The orc wizard gestures at you while chanting.
You are confused.
You are too confused!
You are too confused!
You closely miss the orc.
The orc priest looks braver for a moment.
The orc hits you with a flail. The orc barely misses you.
The orc wizard hits you but does no damage.
You closely miss the orc. The orc hits you with a flail.
* * * LOW HITPOINT WARNING * * *
The orc wizard hits you but does no damage.
The orc hits you with a hand axe.
* * * LOW HITPOINT WARNING * * *
You're too confused to move!
The orc wizard barely misses you. The orc hits you with a hand axe.
* * * LOW HITPOINT WARNING * * *
The orc hits you with a flail.
You die...

#.............
#...(.(.......
#.............
#.........#... .
#..#..#.......
...o##..#..o..# ...
....oooo....###....
...o#######o.......
. #....@o.#.....
#.###.o## .#.. #
#..# #..# ....
##.#.. ..#..#
###...


You could see an orc priest, an orc wizard and 2 orcs.

Vanquished Creatures
  An ooze (D:1)
  2 worms (D:2)
  A dart slug (D:2)
  An orc (D:3)
  A ball python (D:1)
  3 goblins
  8 hobgoblins
  5 jackals
  4 kobolds (D:2)
  A quokka (D:2)
  A bat (D:2)
  3 frilled lizards
  6 rats
37 creatures vanquished.

Notes
Turn   | Place    | Note
-------+----------+-------------------------------------------
     0 | D:1      | JeffiDaFish the Gargoyle Fighter began the quest for the Orb.
     0 | D:1      | Reached XP level 1. HP: 14/14 MP: 1/1
   332 | D:1      | Reached XP level 2. HP: 19/19 MP: 2/2
   765 | D:2      | Reached XP level 3. HP: 14/23 MP: 3/3
  1684 | D:3      | Slain by an orc

Vault maps used:
D:1:      dpeg_arrival_leaves_temple_mockup
D:2:      serial_forest, infiniplex_forest_straight_4,
          infiniplex_forest_clump_tiny, infiniplex_forest_diagonal,
          infiniplex_forest_straight_2, infiniplex_forest_straight_5,
          infiniplex_forest_lined_corner, infiniplex_forest_clump_medium,
          kennysheep_generic_room_4
D:3:      ecumenical_altar_2, first_bread, uniq_natasha, uniq_grinder

Skill      XL: |  1 |
---------------+----+-----
Short Blades   | 2 |  2.4
Fighting       | |  3.6
Armour         | |  3.8
Shields        | |  3.9

Action                   || total
-------------------------++-------
Melee: Rapier            ||   137
  Use: Scroll            ||     6
       Potion            ||     3
  Eat: Chunk             ||     3
Armor: Scale mail        ||    61
Dodge: Dodged            ||    34
Block: Shield            ||    56
